 Dungeon Crawl Stone Soup version 0.31-a0-237-g2d982f9f85 (webtiles) character file.

Game seed: 12416785895661611122

46 qw the Shooter (level 3, -3/21 HPs)
             Began as a Gargoyle Hexslinger on July 10, 2023.
             Slain by Robin
             ... wielding a +0 mace
              (7 damage)
             ... on level 2 of the Dungeon.
             The game lasted 00:00:29 (1109 turns).

qw the Shooter (Gargoyle Hexslinger)                Turns: 1109, Time: 00:00:29

Health: -3/21      AC:  8    Str: 11    XL:     3   Next: 68%
Magic:  4/4        EV: 10    Int: 13    God:
Gold:   78         SH:  0    Dex: 14    Spells: 3/4 levels left

rFire   . . .        Y - +1 sling
rCold   . . .        (no shield)
rNeg    + . .        g - +0 ring mail
rPois   inf          (no helmet)
rElec   +            (no cloak)
rCorr   .            (no gloves)
SInv    .            (no boots)
Will    .....        (no amulet)
Stlth   +            (no ring)
HPRegen 0.23/turn    (no ring)
MPRegen 0.09/turn

%: no passive effects
@: no status effects
A: sickness immunity, AC +3, negative energy resistance 1, electricity
resistance, torment resistance 1, petrification resistance
a: no special abilities


You were on level 2 of the Dungeon.
You visited 1 branch of the dungeon, and saw 2 of its levels.

You collected 78 gold pieces.


Innate Abilities, Weirdness & Mutations

You are immune to sickness and miasma.
Your stone body is resilient. (AC +3)
You are immune to poison.
You resist negative energy. (rN+)
You are resistant to electric shocks. (rElec)
You are resistant to unholy torment.
You are immune to petrification.


   Skills:
 - Level 2.0 Fighting
 + Level 3.5 Ranged Weapons
 - Level 1.5 Dodging
 - Level 1.0 Spellcasting
 - Level 2.6 Hexes


You had 3 spell levels left.
You knew the following spells:

 Your Spells              Type           Power      Damage    Failure   Level
a - Slow                  Hex            28%        N/A       22%         1

Your spell library contained the following spells:

 Spells                   Type           Power      Damage    Failure   Level
 Inner Flame              Hex/Fire       4%         N/A       75%         3
 Portal Projectile        Hex/Tloc       8%         N/A       75%         3
 Cause Fear               Hex            3%         N/A       92%         4

Inventory:

Hand Weapons
 Y - a +1 sling (weapon)
Armour
 g - a +0 ring mail (worn)
Scrolls
 h - a scroll of identify
Potions
 e - a potion of cancellation

Dungeon Overview and Level Annotations

Branches:
Dungeon (2/15)

Altars:

Annotations:
D:2 Robin


Message History

You shoot a sling bullet. The sling bullet hits the goblin.
The goblin is moderately wounded.
The goblin hits you but does no damage.
You shoot a sling bullet.
The sling bullet closely misses the goblin.
The sling bullet barely misses the goblin.
You hear a shout!
The goblin closely misses you. The goblin hits you but does no damage.
You shoot a sling bullet.
The sling bullet barely misses the goblin.
The sling bullet closely misses the goblin.
The goblin closely misses you.
You shoot a sling bullet. The sling bullet hits the goblin.
The goblin is severely wounded.
The goblin hits you with a +0 club.
You shoot a sling bullet. The sling bullet hits the goblin.
You kill the goblin!
The goblin no longer looks unusually strong.
The goblin unwields a +0 dagger.
The goblin wields a +0 sling.
The goblin shoots a sling bullet.
The sling bullet misses you. The goblin hits you but does no damage.
You shoot a sling bullet. The sling bullet hits the goblin.
You kill the goblin!
The goblin no longer looks unusually strong.
The goblin unwields a +0 sling.
The goblin wields a +0 dagger.
The goblin hits you but does no damage.
You shoot a sling bullet.
The sling bullet barely misses the goblin.
Robin throws the goblin at you! The goblin hits you but does no damage.
You shoot a sling bullet.
The sling bullet barely misses the goblin.
Robin drinks a potion.
Robin seems to speed up.
The goblin hits you with a +0 dagger.
A hobgoblin comes into view.
You shoot a sling bullet.
The sling bullet hits Robin but does no damage.
You hear a shout!
Robin completely misses you. The goblin closely misses you.
Robin hits you with a +0 mace!
You die...

#..# #..## ...#
######..#
+.......#
#.......#######
#.....#.......#
#.....#######.#
#.....g@gg# #.#
......(.###.###.#
........# .#<..#
........# g#####
........# gg
........# ##
###.....# #.....


You could see Robin (fast), a hobgoblin and a goblin.

Vanquished Creatures
  A worm (D:2)
  2 dart slugs (D:1)
  3 ball pythons (D:1)
  3 endoplasms (D:1)
  A giant cockroach (D:2)
  7 goblins
  3 jackals (D:1)
  4 kobolds (D:1)
  2 quokkas (D:1)
  3 bats (D:1)
  3 frilled lizards (D:1)
  2 rats (D:1)
34 creatures vanquished.

Notes
Turn   | Place    | Note
-------+----------+-------------------------------------------
     0 | D:1      | qw the Gargoyle Hexslinger began the quest for the Orb.
     0 | D:1      | Reached XP level 1. HP: 12/12 MP: 2/2
     0 | D:1      | 0 ||| qw: Version: 0.3-a-52-g30416fa
     0 | D:1      | 0 ||| qw: Game counter: 5366
     0 | D:1      | 0 ||| qw: Melee chars always use a shield: true
     0 | D:1      | 0 ||| qw: God list: Okawaru
     0 | D:1      | 0 ||| qw: Allow faded altars: false
     0 | D:1      | 0 ||| qw: Do Orc after clearing Dungeon:15 true
     0 | D:1      | 0 ||| qw: Do second Lair branch before Depths: true
     0 | D:1      | 0 ||| qw: Lair rune preference: random
     0 | D:1      | 0 ||| qw: Goals: Normal
     0 | D:1      | 0 ||| PLANNING D:1-11
   138 | D:1      | 138 ||| Stepping ~*~*~tactically~*~*~ (outnumbered).
   146 | D:1      | Reached XP level 2. HP: 7/16 MP: 3/3
   153 | D:1      | HP: 3/16 [jackal (2)]
   158 | D:1      | HP: 4/16 [jackal (1)]
   163 | D:1      | HP: 2/16 [jackal (3)]
   218 | D:1      | 218 ||| FLEEEEING.
   219 | D:1      | 219 ||| FLEEEEING.
   239 | D:1      | Reached skill level 3 in Ranged Weapons
   651 | D:1      | Reached XP level 3. HP: 21/21 MP: 4/4
  1018 | D:1      | 1018 ||| UPGRADING to +0 ring mail.
  1028 | D:1      | 1028 ||| DROPPING +0 robe.
  1029 | D:1      | 1029 ||| READING scroll labelled ATAGEQIOZEN.
  1030 | D:1      | 1030 ||| READING 3 scrolls labelled JEOQYRUFIE.
  1031 | D:1      | 1031 ||| READING 2 scrolls labelled KUUPTU MUKLA.
  1032 | D:1      | 1032 ||| DRINKING 2 viscous clear potions.
  1033 | D:1      | 1033 ||| DROPPING scroll of poison.
  1034 | D:1      | 1034 ||| DROPPING 2 scrolls of fear.
  1093 | D:2      | Noticed Robin
  1096 | D:2      | 1096 ||| Stepping ~*~*~tactically~*~*~ (outnumbered).
  1104 | D:2      | HP: 5/21 [goblin/+0 club[Robin] (5)]
  1109 | D:2      | Slain by Robin

Levels and vault maps discovered:
D:1:      dpeg_cavernosity, layout_basic, chequers_serial_rivers_micro_d
D:2:      layout_basic, minmay_shallow_snake_nest, uniq_robin

Skill      XL: |  1  2 |
---------------+-------+-----
Ranged Weapons | 3 |  3.5
Fighting       | 2 |  2.0
Dodging        | |  1.5
Spellcasting   | |  1.0
Hexes          | |  2.6

Action                     || total
---------------------------++-------
   Fire: Sling             ||   136
    Use: Scroll            ||     3
         Potion            ||     1
 Armour: Robe              ||    25
         Ring mail         ||    13
  Dodge: Dodged            ||    73

Table legend:
 A = Non-vault XP
 B = Vault XP
 C = Vault XP percentage of total XP
 D = Non-vault monster count
 E = Vault monster count
 F = Vault count percentage of total count
                 A         B        C        D         E       F
            +---------+---------+-------+---------+---------+-------
      Total |      54 |      13 |  19.4 |      27 |       7 |  20.6
            +---------+---------+-------+---------+---------+-------
        D:1 |      47 |       8 |  14.5 |      25 |       4 |  13.8
        D:2 |       7 |       5 |  41.7 |       2 |       3 |  60.0
            +---------+---------+-------+---------+---------+-------
